 Dungeon Crawl Stone Soup version 0.29-a0-886-gfb1a3fa8b1 (webtiles) character file.

Game seed: 12748490683478661740

80 BlueGoblin the Shooter (level 4, -4/37 HPs)
             Began as a Minotaur Hunter on July 21, 2022.
             Slain by Sigmund
             ... wielding a +2 scythe of venom
              (9 damage)
             ... on level 3 of the Dungeon.
             The game lasted 00:02:24 (2441 turns).

BlueGoblin the Shooter (Minotaur Hunter)            Turns: 2441, Time: 00:02:24

Health: -4/37      AC:  4    Str: 16    XL:     4   Next: 18%
Magic:  3/3        EV: 12    Int:  6    God:
Gold:   159        SH:  0    Dex: 15    Spells: 3/3 levels left

rFire   . . .      SeeInvis .   a - +0 shortbow
rCold   . . .      Faith    .   (shield currently unavailable)
rNeg    . . .      Spirit   .   c - +0 leather armour
rPois   .          Reflect  .   (helmet restricted)
rElec   .          Harm     .   k - +0 cloak
rCorr   .          Rampage  .   (no gloves)
Will    .....                   (no boots)
Stlth   +.........              (no amulet)
HPRegen 0.12/turn               (no ring)
MPRegen 0.08/turn               (no ring)

@: mighty, lethally poisoned (-4 -> -18), attractive
A: horns 2, retaliatory headbutt
a: no special abilities


You were on level 3 of the Dungeon.
You visited 1 branch of the dungeon, and saw 3 of its levels.

You collected 159 gold pieces.

Inventory:

Hand Weapons
 a - a +0 shortbow (weapon)
 s - a +0 shortbow
Armour
 c - a +0 leather armour (worn)
 k - a +0 cloak (worn)
Scrolls
 b - a scroll of immolation
 d - 2 scrolls of noise {unknown}
 e - 2 scrolls of blinking {unknown}
 f - 2 scrolls of fear {unknown}
 g - a scroll of identify {unknown}
 j - a scroll of torment {unknown}
 o - a scroll of vulnerability {unknown}
 q - a scroll of enchant armour {unknown}
 r - a scroll of teleportation {unknown}
 t - 2 scrolls of enchant weapon {unknown}
 u - a scroll of butterflies {unknown}
 v - a scroll of poison {unknown}
Potions
 h - a potion of flight {unknown}
 i - a potion of lignification {unknown}
 l - a potion of invisibility {unknown}
 m - a potion of curing {unknown}
 p - a potion of attraction


   Skills:
 + Level 2.8 Fighting
 + Level 5.8 Ranged Weapons
 + Level 1.7 Armour
 + Level 2.3 Dodging
 - Level 0.7 Stealth


You had 3 spell levels left.
You didn't know any spells.
Your spell library contained the following spells:

 Spells                   Type           Power      Damage    Failure   Level
 Magic Dart               Conj           0%         1d3       52%         1
 Call Imp                 Summ           0%         N/A       67%         2
 Sublimation of Blood     Necr           0%         N/A       67%         2
 Mephitic Cloud           Conj/Pois/Air  0%         N/A       88%         3
 Leda's Liquefaction      Hex/Erth       0%         N/A       99%         4
 Petrify                  Tmut/Erth      0%         N/A       99%         4
 Alistair's Intoxication  Tmut/Pois      0%         N/A       100%        5
 Borgnjor's Vile Clutch   Necr/Erth      0%         N/A       100%        5
 Irradiate                Conj/Tmut      0%         3d11      100%        5
 Lee's Rapid Deconstruct  Erth           0%         3d5*      100%        5
 Eringya's Noxious Bog    Tmut/Pois      0%         N/A       100%        6
 Statue Form              Tmut/Erth      0%         N/A       100%        6


Dungeon Overview and Level Annotations

Branches:
Dungeon (3/15)

Altars:

Shops:
D:2 *

Annotations:
D:3 Sigmund


Innate Abilities, Weirdness & Mutations

You have a pair of horns on your head.
You reflexively headbutt those who attack you in melee.


Message History

No target in view!
No target in view!
No target in view!
No target in view!
Things that are here:
a ball python corpse; a hobgoblin corpse
v - a scroll labelled HELYEV FIARR Sigmund the Dreaded comes into view.
He is wielding a +2 scythe of venom.
Sigmund shouts!
Sigmund moves out of view.
No target in view!
No target in view!
Sigmund gestures at you while chanting. The puff of flame hits you!
You shoot an arrow.
The arrow hits Sigmund but does no damage.
Sigmund is nearby!
You shoot an arrow. The arrow hits Sigmund!
Sigmund is moderately wounded.
You shoot an arrow. The arrow closely misses Sigmund.
Sigmund hits you from afar with a +2 scythe of venom.
Sigmund is nearby!
You shoot an arrow. The arrow hits Sigmund.
Sigmund is heavily wounded.
Sigmund hits you from afar with a +2 scythe of venom!
You are lethally poisoned!
You are too injured to fight recklessly!
You are too injured to fight recklessly!
You are too injured to fight recklessly!
It was a potion of attraction.
You feel attractive to monsters.
* * * LOW HITPOINT WARNING * * *
You feel very sick. Sigmund is attracted toward you.
It was a potion of might.
You feel very mighty all of a sudden.
* * * LOW HITPOINT WARNING * * *
You feel very sick.
Sigmund hits you with a +2 scythe of venom!
You die...

#.# .. ..# #.#
#.# #.# #..
..# #.##.# #
#.#.. ...
#..######=....
#.....@.......
#.#####@......
#.# ยง......
#.# .......
#.# .......
#.# ..#####
#.# ... #.#
.## #.#


You could see Sigmund.

Vanquished Creatures
  Robin (D:3)
  An adder (D:2)
  3 dart slugs
  A worm (D:2)
  2 ball pythons (D:3)
  4 giant cockroaches
  11 goblins
  6 hobgoblins
  6 jackals (D:1)
  2 quokkas (D:1)
  8 bats
  A frilled lizard (D:2)
  2 rats
48 creatures vanquished.

Vanquished Creatures (others)
  6 plants (D:3)
6 creatures vanquished.

Grand Total: 54 creatures vanquished

Notes
Turn   | Place    | Note
-------+----------+-------------------------------------------
     0 | D:1      | BlueGoblin the Minotaur Hunter began the quest for the Orb.
     0 | D:1      | Reached XP level 1. HP: 18/18 MP: 0/0
   265 | D:1      | Reached XP level 2. HP: 25/25 MP: 1/1
   276 | D:1      | Reached skill level 5 in Ranged Weapons
   755 | D:1      | You fall into a shaft and drop 1 floor!
   803 | D:2      | Reached XP level 3. HP: 30/30 MP: 2/2
  1135 | D:2      | Found a faded altar of an unknown god.
  1190 | D:2      | Reached skill level 1 in Armour
  1594 | D:2      | Found Matiphyoc's General Store.
  1765 | D:3      | Noticed Robin
  2056 | D:3      | Killed Robin
  2057 | D:3      | Reached XP level 4. HP: 25/37 MP: 3/3
  2434 | D:3      | Noticed Sigmund
  2441 | D:3      | Slain by Sigmund

Illustrated notes

Levels and vault maps discovered:
D:1:      dpeg_arrival_tiny_a, layout_basic
D:2:      layout_rooms, shapermc_ecumenical_altar_mp_highgroup, serial_shops,
          nicolae_shop_trees
D:3:      layout_basic, mainiacjoe_overflow_concentric_impassable,
          serial_bayou_pond_c, minmay_cut_off, uniq_robin, uniq_sigmund

Skill      XL: |  1  2  3 |
---------------+----------+-----
Ranged Weapons | 5 |  5.8
Armour         | 1 |  1.7
Fighting       | |  2.8
Dodging        | |  2.3
Stealth        | |  0.7

Action                   |  1- 3 |  4- 6 || total
-------------------------+-------+-------++-------
 Fire: Shortbow          |    99 |    33 ||   132
  Use: Potion            |       |     2 ||     2
Armor: Leather armour    |    15 |     8 ||    23
Dodge: Dodged            |    48 |    10 ||    58

Table legend: (Time is in decaauts)
 A = Elapsed time spent in this place.
 B = Non-inter-level travel time spent in this place.
 C = Inter-level travel time spent in this place.
 D = Time resting spent in this place.
 E = Time spent auto-exploring this place.
 F = Levels seen in this place.
 G = Mean time per level.
                   A        B        C        D        E       F      G
               +--------+--------+--------+--------+--------+-----+--------+
         Total |   2477 |   2377 |    100 |    274 |   1830 |   3 |  825.7 |
       Dungeon |   2477 |   2377 |    100 |    274 |   1830 |   3 |  825.7 |
               +--------+--------+--------+--------+--------+-----+--------+

Top non-repeatable levels by time:
     D:2: 1053 daAuts
     D:1: 1011 daAuts
     D:3: 411 daAuts
